 Dungeon Crawl Stone Soup version 0.29.1-2-gbd0b4ee654 (webtiles) character file.

Game seed: 16768513015768749117

388 Destapler the Trooper (level 6, -2/56 HPs)
             Began as a Minotaur Fighter on Nov 16, 2022.
             Killed from afar by Dowan (26 damage)
             ... with a shard of ice
             ... on level 4 of the Dungeon.
             The game lasted 00:03:47 (2538 turns).

Destapler the Trooper (Minotaur Fighter)            Turns: 2538, Time: 00:03:47

Health: -2/56      AC:  7    Str: 23    XL:     6   Next: 49%
Magic:  5/5        EV:  9    Int:  5    God:
Gold:   124        SH:  4    Dex:  9    Spells: 5/5 levels left

rFire   . . .      SeeInvis .   f - +4 spear
rCold   . . .      Faith    .   c - +0 buckler
rNeg    . . .      Spirit   .   b - +0 scale mail
rPois   .          Reflect  .   (helmet restricted)
rElec   .          Harm     .   A - scarf {shadows}
rCorr   .          Rampage  .   (no gloves)
Will    .....                   (no boots)
Stlth   ..........              m - amulet of regeneration
HPRegen 0.98/turn               (no ring)
MPRegen 0.09/turn               (no ring)

@: mighty
A: horns 2, retaliatory headbutt
a: no special abilities


You were on level 4 of the Dungeon.
You visited 1 branch of the dungeon, and saw 4 of its levels.

You collected 124 gold pieces.

Inventory:

Hand Weapons
 a - a +0 war axe
 f - a +4 spear (weapon)
Armour
 b - a +0 scale mail (worn)
 c - a +0 buckler (worn)
 A - a scarf of shadows (worn)
Jewellery
 m - an amulet of regeneration (around neck)
 p - a ring of magical power
 t - a ring of wizardry
 y - an amulet of reflection
Scrolls
 e - 2 scrolls of acquirement {unknown}
 g - 5 scrolls of identify {unknown}
 j - 2 scrolls of noise {unknown}
 q - a scroll of poison {unknown}
 r - a scroll of fear {unknown}
 s - a scroll of blinking {unknown}
 v - 2 scrolls of teleportation {unknown}
 w - a scroll of silence {unknown}
 z - a scroll of magic mapping {unknown}
 B - 2 scrolls of summoning {unknown}
 C - a scroll of amnesia {unknown}
Potions
 h - 2 potions of cancellation {unknown}
 i - a potion of haste {unknown}
 k - 2 potions of attraction {unknown}
 l - 2 potions of mutation {unknown}
 n - a potion of ambrosia {unknown}
 o - 3 potions of curing
 u - 2 potions of brilliance {unknown}
 x - 3 potions of heal wounds {unknown}


   Skills:
 + Level 5.4 Fighting
 + Level 4.7 Axes
 + Level 5.4 Armour
 + Level 5.3 Shields


You had 5 spell levels left.
You didn't know any spells.
Your spell library contained the following spells:

 Spells                   Type           Power      Damage    Failure   Level
 Static Discharge         Conj/Air       0%         3-3/arc   94%         2
 Lightning Bolt           Conj/Air       0%         1d11      100%        5
 Maxwell's Capacitive Co  Air            0%         ∞         100%        8


Dungeon Overview and Level Annotations

Branches:
Dungeon (4/15)
 Temple: D:4-7

Altars:
Gozag

Shops:
D:3 (

Annotations:
D:4 Dowan


Innate Abilities, Weirdness & Mutations

You have a pair of horns on your head.
You reflexively headbutt those who attack you in melee.


Message History

Duvessa is moderately wounded.
Duvessa hits you with a +0 short sword.
You barely miss Duvessa. Your headbutt misses Duvessa.
Duvessa is moderately wounded.
Duvessa hits you with a +0 short sword.
Dowan points at Duvessa and mumbles some strange words.
Duvessa seems to speed up.
Duvessa hits you but does no damage.
Dowan casts a spell.
Dowan blinks!
You barely miss Duvessa.
Duvessa is moderately wounded.
Duvessa barely misses you.
You puncture Duvessa! Your headbutt misses Duvessa.
Duvessa is severely wounded.
Duvessa hits you with a +0 short sword. You block Duvessa's attack.
You closely miss Duvessa.
Duvessa is severely wounded.
Duvessa misses you.
You hit Duvessa. You headbutt Duvessa.
Duvessa is severely wounded.
Duvessa zaps a wand.
The puff of flame hits you. Duvessa hits you with a +0 short sword.
You hit Duvessa but do no damage. You headbutt Duvessa!
Duvessa is almost dead.
Duvessa zaps a wand.
The puff of flame hits you!
* * * LOW HITPOINT WARNING * * *
You puncture Duvessa!
You kill Duvessa!
Dowan's eyes darken. "You have made a black mistake."
Dowan seems to find hidden reserves of power!
Dowan points at you and mumbles some strange words.
The shard of ice misses you.
Dowan mumbles some strange words.
Dowan blinks!
Items here: ! ) / [.
You closely miss Dowan. You block Dowan's attack.
You barely miss Dowan. Your headbutt misses Dowan. You block Dowan's attack.
Dowan gestures at you while chanting. The shard of ice hits you!!
You die...

#.#### #.# ##
############# #.# #.
...#.......# #.###.
######.#.......###.#...
.......'^......+.......
###.#.#.......###.#...
#e#####.### #.#... #@#
#.# #.#<.. #.# #.#
#.##.. #.# #.# #.....
#.# #.# ###... #.#
#.#########. #.#
#....)...... #.#
############ # #


You could see Dowan (fast).

Vanquished Creatures
  Duvessa (D:4)
  An orc priest (D:3)
  Natasha (D:4)
  An orc wizard (D:3)
  Robin (D:2)
  4 gnolls (D:3)
  4 adders
  A dart slug (D:1)
  6 orcs
  9 ball pythons
  3 bats
  8 endoplasms
  6 giant cockroaches
  17 goblins
  14 hobgoblins
  6 jackals
  6 kobolds
  3 quokkas
  A frilled lizard (D:1)
  5 rats
98 creatures vanquished.

Notes
Turn   | Place    | Note
-------+----------+-------------------------------------------
     0 | D:1      | Destapler the Minotaur Fighter began the quest for the Orb.
     0 | D:1      | Reached XP level 1. HP: 19/19 MP: 0/0
   185 | D:1      | Reached XP level 2. HP: 27/27 MP: 1/1
   486 | D:1      | Reached XP level 3. HP: 33/33 MP: 2/2
  1076 | D:2      | Noticed Robin
  1079 | D:2      | Reached XP level 4. HP: 41/41 MP: 3/3
  1087 | D:2      | Killed Robin
  1186 | D:2      | Found a faded altar of an unknown god.
  1552 | D:3      | Found Tior's Weapon Boutique.
  1568 | D:3      | Reached XP level 5. HP: 41/47 MP: 4/4
  1684 | D:3      | Reached skill level 5 in Fighting
  1739 | D:3      | Reached skill level 5 in Armour
  1872 | D:3      | Found an opulent altar of Gozag.
  2095 | D:3      | Reached skill level 5 in Shields
  2443 | D:4      | Noticed Natasha
  2452 | D:4      | Killed Natasha
  2453 | D:4      | Reached XP level 6. HP: 48/56 MP: 5/5
  2519 | D:4      | Noticed Duvessa
  2519 | D:4      | Noticed Dowan
  2535 | D:4      | Killed Duvessa
  2538 | D:4      | Killed from afar by Dowan

Illustrated notes

Levels and vault maps discovered:
D:1:      beargit_arrival_diablo_church, layout_loops_ring,
          grunt_decor_junction, grunt_decor_cap
D:2:      layout_loops_ring, shapermc_ecumenical_altar_notcrosses, uniq_robin
D:3:      layout_basic, lemuel_doored_altar, serial_shops, nicolae_shop_stone,
          kennysheep_nub
D:4:      layout_basic, mainiacjoe_overflow_alcove_2, uniq_duvessa, uniq_natasha

Skill      XL: |  1  2  3  4  5 |
---------------+----------------+-----
Fighting       | 4 5 |  5.4
Axes           | 3 4 |  4.7
Shields        | 4 5 |  5.3
Armour         | 4 5 |  5.4

Action                   |  1- 3 |  4- 6 || total
-------------------------+-------+-------++-------
Melee: War axe           |    26 |       ||    26
       Headbutt          |    11 |    12 ||    23
       Spear             |    65 |   141 ||   206
  Use: Potion            |       |     1 ||     1
Armor: Scale mail        |    30 |    41 ||    71
Dodge: Dodged            |    33 |    46 ||    79
Block: Buckler           |     6 |    22 ||    28
